Rangers vs Ducks

Created - February 8 2008 at 18:47

Goals
1 2 3 T
Rangers 0 2 1 3
Ducks 0 0 2 2
Shots
1 2 3 T
Rangers 4 13 6 23
Ducks 3 18 8 29

Period #1

No Goal

Penalties :
Chris Pronger (ANA) for Tripping (Minor) at 1:06, Jan Bulis (NYR) for Holding (Minor) at 5:23, Bryan Allen (ANA) for Fighting (Major) at 15:59, Lee Stempniak (NYR) for Fighting (Major) at 15:59, Marek Malik (ANA) for Cross-checking (Minor) at 16:57

Period #2

1. Rangers , Joe Pavelski 12 (Mattias Ohlund, Frederick Meyer Iv) at 14:36 (PP)
2. Rangers , Nikolai Zherdev 11 (Lee Stempniak, Mattias Ohlund) at 19:26

Penalties :
Frederick Meyer Iv (NYR) for Hooking (Minor) at 7:02, Francois Beauchemin (ANA) for Boarding (Minor) at 9:33, Bryan Allen (ANA) for Goalie Interference (Minor) at 9:38, Mike Fisher (ANA) for Holding Stick (Minor) at 14:14

Period #3

3. Ducks , Richard Park 4 (Marek Malik, Mike Fisher) at 8:50
4. Ducks , Dean Mcammond 5 (Manny Malhotra, Chris Pronger) at 16:59
5. Rangers , Kyle Wellwood 11 (Sergei Samsonov) at 18:35

Penalties :
Frederick Meyer Iv (NYR) for Roughing (Minor) at 0:59, Ben Guite (ANA) for Interference (Minor) at 3:45, Hal Gill (ANA) for Tripping (Minor) at 9:33, Francois Beauchemin (ANA) for Goalie Interference (Minor) at 13:59, Hal Gill (ANA) for Tripping (Minor) at 19:15

Goalie Stats

Ray Emery (NYR), 27 saves from 29 shots - (0.931), W, 21-28-5, 60:00 minutes
Ilya Bryzgalov (ANA), 20 saves from 23 shots - (0.870), L, 3-4-0, 60:00 minutes

Players Stats

Rangers
Player Name              G  A  P  +/- PIM S  H  SB FO MP 
-----------------------------------------------------------
Ales Kotalik             0  0  0   0  0   0  0  0  0  4  
Brad Richards            0  0  0  -1  0   4  0  0  5  19 
Brad Stuart              0  0  0  -1  0   0  0  0  0  6  
Brett Lebda              0  0  0   0  0   0  3  1  0  23 
Dan Cleary               0  0  0  -2  0   1  2  0  0  9  
Darius Kasparaitis       0  0  0   1  0   1  0  2  0  22 
Frederick Meyer Iv       0  1  1   0  4   0  0  0  0  23 
Jan Bulis                0  0  0   1  2   0  1  0  0  19 
Jay Mckee                0  0  0   0  0   1  0  2  0  22 
Jeff Halpern             0  0  0  -1  0   4  1  0  27 19 
Joe Pavelski             1  0  1   0  0   2  2  0  26 24 
Kyle Wellwood            1  0  1   1  0   3  2  0  3  24 
Lee Stempniak            0  1  1   1  5   1  0  0  1  17 
Mattias Ohlund           0  2  2   1  0   1  0  0  0  21 
Nikolai Zherdev          1  0  1   1  0   1  2  0  22 24 
Peter Schaefer           0  0  0   0  0   0  0  0  0  0  
Sergei Samsonov          0  1  1  -1  0   3  2  0  4  20 
Tyler Arnason            0  0  0   0  0   1  0  0  0  14 
Ducks
Player Name              G  A  P  +/- PIM S  H  SB FO MP 
-----------------------------------------------------------
Andrew Brunette          0  0  0   0  0   1  1  0  3  16 
Ben Guite                0  0  0   0  2   0  0  0  1  15 
Bryan Allen              0  0  0  -1  7   0  4  1  0  23 
Chris Pronger            0  1  1   0  2   1  0  1  0  22 
Daniel Sedin             0  0  0  -1  0   5  0  0  1  20 
Dean Mcammond            1  0  1   0  0   1  0  0  1  18 
Francois Beauchemin      0  0  0   1  4   4  1  0  0  23 
Hal Gill                 0  0  0   0  4   0  1  2  0  21 
Henrik Sedin             0  0  0  -1  0   2  1  0  23 21 
Manny Malhotra           0  1  1   0  0   0  3  0  27 20 
Marek Malik              0  1  1   0  2   1  1  0  0  18 
Mike Fisher              0  1  1   0  2   5  2  0  3  19 
Mike Sillinger           0  0  0   0  0   1  1  0  1  12 
Paul Stastny             0  0  0   0  0   5  1  0  15 22 
Richard Park             1  0  1   1  0   2  0  0  2  9  
Rob Niedermayer          0  0  0   0  0   0  0  0  1  5  
Scott Niedermayer        0  0  0   0  0   1  0  0  0  9  
Todd Marchant            0  0  0   1  0   0  2  0  10 9  

3 Stars

1 - Kyle Wellwood (NYR)
2 - Nikolai Zherdev (NYR)
3 - Joe Pavelski (NYR)

Power Play

Rangers - 1 on 9 Attempt(s) - 11.11%
Ducks - 0 on 3 Attempt(s) - 0.00%

Penalty Kill

Rangers - 3 on 3 Attempt(s) - 100.00% - Score 0 goal in Penalty Kill
Ducks - 8 on 9 Attempt(s) - 88.89% - Score 0 goal in Penalty Kill

Game Notes

Bryan Allen beats up Lee Stempniak at 15:59 of 1st period
Scott Niedermayer is injured at 4:31 of 2nd period (Right Hand)

Finance

Level 1 -- Attendance: 3633 (60.55%) -- Ticket Income $363,300.00
Level 2 -- Attendance: 3374 (80.83%) -- Ticket Income $202,440.00
Level 3 -- Attendance: 1371 (68.55%) -- Ticket Income $47,985.00
Level 4 -- Attendance: 3627 (90.68%) -- Ticket Income $72,540.00
Luxury Box -- Attendance: 705 (70.50%) -- Ticket Income $141,000.00
Game was played at the Arrowhead Pond
Total Attendance: 12710 (74.01%)
Total Ticket Income: $868,137.90
Other Income: $168,025.20
Total Income: $1,036,163.00


Play by Play

Period #1

0:01 of 1st period - Joe Pavelski wins face-off versus Mike Fisher in neutral zone.
0:13 of 1st period - Shot by Sergei Samsonov.
0:13 of 1st period - Shot Misses the Net.
1:06 of 1st period - Minor Penalty to Chris Pronger for Tripping.
1:07 of 1st period - Jeff Halpern wins face-off versus Manny Malhotra in Ducks zone.
1:28 of 1st period - Francois Beauchemin is hit by Kyle Wellwood and loses puck.
1:52 of 1st period - Sergei Samsonov is hit by Francois Beauchemin and loses puck.
2:25 of 1st period - Shot by Mattias Ohlund.
2:25 of 1st period - Shot Misses the Net.
2:29 of 1st period - Shot by Brad Richards.
2:29 of 1st period - Deflect By Jeff Halpern.
2:29 of 1st period - Stopped by Ilya Bryzgalov without a rebound.
2:30 of 1st period - Jeff Halpern wins face-off versus Todd Marchant in Ducks zone.
3:24 of 1st period - Henrik Sedin is hit by Jan Bulis.
4:32 of 1st period - Off-side.
4:33 of 1st period - Mike Sillinger wins face-off versus Joe Pavelski in neutral zone.
4:49 of 1st period - Icing by Hal Gill.
4:50 of 1st period - Jeff Halpern wins face-off versus Paul Stastny in Ducks zone.
5:12 of 1st period - Icing by Francois Beauchemin.
5:13 of 1st period - Nikolai Zherdev wins face-off versus Andrew Brunette in Ducks zone.
5:23 of 1st period - Minor Penalty to Jan Bulis for Holding.
5:24 of 1st period - Henrik Sedin wins face-off versus Jeff Halpern in Ducks zone.
6:01 of 1st period - Icing by Henrik Sedin.
6:02 of 1st period - Kyle Wellwood wins face-off versus Henrik Sedin in Ducks zone.
6:06 of 1st period - Icing by Mike Fisher.
6:07 of 1st period - Joe Pavelski wins face-off versus Henrik Sedin in Ducks zone.
6:39 of 1st period - Icing by Francois Beauchemin.
6:40 of 1st period - Joe Pavelski wins face-off versus Andrew Brunette in Ducks zone.
7:09 of 1st period - Shot by Francois Beauchemin.
7:09 of 1st period - Stopped by Ray Emery without a rebound.
7:10 of 1st period - Jeff Halpern wins face-off versus Paul Stastny in Rangers zone.
7:49 of 1st period - Icing by Jan Bulis.
7:50 of 1st period - Henrik Sedin wins face-off versus Nikolai Zherdev in Rangers zone.
9:29 of 1st period - Shot by Dean Mcammond.
9:29 of 1st period - Shot Misses the Net.
9:31 of 1st period - Shot by Scott Niedermayer.
9:31 of 1st period - Stopped by Ray Emery without a rebound.
9:32 of 1st period - Ben Guite wins face-off versus Nikolai Zherdev in Rangers zone.
10:25 of 1st period - Shot by Lee Stempniak.
10:25 of 1st period - Stopped by Ilya Bryzgalov without a rebound.
10:26 of 1st period - Brad Richards wins face-off versus Todd Marchant in Ducks zone.
10:34 of 1st period - Off-side.
10:35 of 1st period - Nikolai Zherdev wins face-off versus Mike Fisher in neutral zone.
10:35 of 1st period - Frederick Meyer Iv is hit by Mike Fisher.
11:26 of 1st period - Shot by Andrew Brunette.
11:26 of 1st period - Shot Misses the Net.
11:32 of 1st period - Shot by Andrew Brunette.
11:32 of 1st period - Shot Misses the Net.
11:35 of 1st period - Icing by Darius Kasparaitis.
11:36 of 1st period - Jeff Halpern wins face-off versus Manny Malhotra in Rangers zone.
12:00 of 1st period - Manny Malhotra is hit by Dan Cleary and loses puck.
12:12 of 1st period - Shot by Tyler Arnason.
12:12 of 1st period - Stopped by Ilya Bryzgalov without a rebound.
12:13 of 1st period - Paul Stastny wins face-off versus Jeff Halpern in Ducks zone.
12:13 of 1st period - Paul Stastny is hit by Kyle Wellwood.
12:21 of 1st period - Shot by Andrew Brunette.
12:21 of 1st period - Shot Misses the Net.
12:23 of 1st period - Shot by Paul Stastny.
12:23 of 1st period - Shot Misses the Net.
12:51 of 1st period - Icing by Francois Beauchemin.
12:52 of 1st period - Nikolai Zherdev wins face-off versus Paul Stastny in Ducks zone.
13:44 of 1st period - Shot by Daniel Sedin.
13:44 of 1st period - Stopped by Ray Emery without a rebound.
13:45 of 1st period - Manny Malhotra wins face-off versus Joe Pavelski in Rangers zone.
14:01 of 1st period - Icing by Joe Pavelski.
14:02 of 1st period - Joe Pavelski wins face-off versus Henrik Sedin in Rangers zone.
14:06 of 1st period - Off-side.
14:07 of 1st period - Henrik Sedin wins face-off versus Jeff Halpern in neutral zone.
15:57 of 1st period - Icing by Nikolai Zherdev.
15:58 of 1st period - Nikolai Zherdev wins face-off versus Todd Marchant in Rangers zone.
15:58 of 1st period - Nikolai Zherdev is hit by Todd Marchant.
15:59 of 1st period - Bryan Allen beats up Lee Stempniak.
15:59 of 1st period - Penalty to Bryan Allen for Fighting.
15:59 of 1st period - Penalty to Lee Stempniak for Fighting.
16:00 of 1st period - Joe Pavelski wins face-off versus Paul Stastny in Rangers zone.
16:11 of 1st period - Shot by Brett Lebda.
16:11 of 1st period - Shot Blocked by Hal Gill.
16:46 of 1st period - Shot by Brad Richards.
16:46 of 1st period - Deflect By Dan Cleary.
16:46 of 1st period - Stopped by Ilya Bryzgalov without a rebound.
16:47 of 1st period - Jeff Halpern wins face-off versus Henrik Sedin in Ducks zone.
16:57 of 1st period - Minor Penalty to Marek Malik for Cross-checking.
16:58 of 1st period - Todd Marchant wins face-off versus Kyle Wellwood in Ducks zone.
17:17 of 1st period - Shot by Brad Stuart.
17:17 of 1st period - Shot Misses the Net.

Period #2

0:01 of 2nd period - Henrik Sedin wins face-off versus Joe Pavelski in neutral zone.
0:12 of 2nd period - Shot by Kyle Wellwood.
0:12 of 2nd period - Shot Misses the Net.
0:14 of 2nd period - Shot by Sergei Samsonov.
0:14 of 2nd period - Stopped by Ilya Bryzgalov with a rebound.
0:18 of 2nd period - Shot by Kyle Wellwood.
0:18 of 2nd period - Stopped by Ilya Bryzgalov with a rebound.
0:22 of 2nd period - Shot by Sergei Samsonov.
0:22 of 2nd period - Stopped by Ilya Bryzgalov without a rebound.
0:23 of 2nd period - Nikolai Zherdev wins face-off versus Paul Stastny in Ducks zone.
0:46 of 2nd period - Jan Bulis is hit by Paul Stastny and loses puck.
0:55 of 2nd period - Frederick Meyer Iv is hit by Mike Sillinger and loses puck.
1:27 of 2nd period - Mike Sillinger is hit by Sergei Samsonov and loses puck.
1:43 of 2nd period - Icing by Brett Lebda.
1:44 of 2nd period - Brad Richards wins face-off versus Henrik Sedin in Rangers zone.
1:50 of 2nd period - Shot by Brad Richards.
1:50 of 2nd period - Shot Misses the Net.
1:52 of 2nd period - Shot by Brad Richards.
1:52 of 2nd period - Stopped by Ilya Bryzgalov with a rebound.
2:21 of 2nd period - Off-side.
2:22 of 2nd period - Nikolai Zherdev wins face-off versus Manny Malhotra in neutral zone.
3:46 of 2nd period - Off-side.
3:47 of 2nd period - Joe Pavelski wins face-off versus Daniel Sedin in neutral zone.
4:22 of 2nd period - Sergei Samsonov is hit by Bryan Allen.
4:29 of 2nd period - Off-side.
4:30 of 2nd period - Manny Malhotra wins face-off versus Jeff Halpern in neutral zone.
4:30 of 2nd period - Scott Niedermayer is hit by Jeff Halpern and loses puck.
4:31 of 2nd period - Scott Niedermayer from Ducks is injured at 4:31 of 2nd period (Right Hand).
4:32 of 2nd period - Jeff Halpern wins face-off versus Manny Malhotra in neutral zone.
4:48 of 2nd period - Shot by Jeff Halpern.
4:48 of 2nd period - Shot Misses the Net.
4:50 of 2nd period - Shot by Jeff Halpern.
4:50 of 2nd period - Stopped by Ilya Bryzgalov without a rebound.
4:51 of 2nd period - Paul Stastny wins face-off versus Jeff Halpern in Ducks zone.
5:06 of 2nd period - Shot by Jeff Halpern.
5:06 of 2nd period - Stopped by Ilya Bryzgalov without a rebound.
5:07 of 2nd period - Jeff Halpern wins face-off versus Manny Malhotra in Ducks zone.
6:06 of 2nd period - Shot by Henrik Sedin.
6:06 of 2nd period - Shot Misses the Net.
6:10 of 2nd period - Shot by Bryan Allen.
6:10 of 2nd period - Shot Blocked by Darius Kasparaitis.
6:12 of 2nd period - Shot by Daniel Sedin.
6:12 of 2nd period - Stopped by Ray Emery without a rebound.
6:13 of 2nd period - Paul Stastny wins face-off versus Nikolai Zherdev in Rangers zone.
6:20 of 2nd period - Shot by Andrew Brunette.
6:20 of 2nd period - Stopped by Ray Emery with a rebound.
6:24 of 2nd period - Shot by Paul Stastny.
6:24 of 2nd period - Shot Misses the Net.
6:26 of 2nd period - Shot by Francois Beauchemin.
6:26 of 2nd period - Stopped by Ray Emery without a rebound.
6:27 of 2nd period - Nikolai Zherdev wins face-off versus Richard Park in Rangers zone.
6:29 of 2nd period - Icing by Mattias Ohlund.
6:30 of 2nd period - Henrik Sedin wins face-off versus Lee Stempniak in Rangers zone.
6:55 of 2nd period - Shot by Henrik Sedin.
6:55 of 2nd period - Shot Misses the Net.
6:57 of 2nd period - Shot by Mike Fisher.
6:57 of 2nd period - Stopped by Ray Emery with a rebound.
6:59 of 2nd period - Shot by Marek Malik.
6:59 of 2nd period - Stopped by Ray Emery without a rebound.
7:00 of 2nd period - Joe Pavelski wins face-off versus Manny Malhotra in Rangers zone.
7:00 of 2nd period - Kyle Wellwood is hit by Manny Malhotra and loses puck.
7:02 of 2nd period - Minor Penalty to Frederick Meyer Iv for Hooking.
7:03 of 2nd period - Joe Pavelski wins face-off versus Henrik Sedin in Rangers zone.
8:17 of 2nd period - Shot by Paul Stastny.
8:17 of 2nd period - Stopped by Ray Emery with a rebound.
8:19 of 2nd period - Shot by Francois Beauchemin.
8:19 of 2nd period - Stopped by Ray Emery without a rebound.
8:20 of 2nd period - Jeff Halpern wins face-off versus Henrik Sedin in Rangers zone.
9:33 of 2nd period - Minor Penalty to Francois Beauchemin for Boarding.
9:34 of 2nd period - Brad Richards wins face-off versus Todd Marchant in Ducks zone.
9:38 of 2nd period - Minor Penalty to Bryan Allen for Goalie Interference.
9:39 of 2nd period - Manny Malhotra wins face-off versus Brad Richards in Ducks zone.
9:45 of 2nd period - Icing by Frederick Meyer Iv.
9:46 of 2nd period - Todd Marchant wins face-off versus Brad Richards in Rangers zone.
9:53 of 2nd period - Chris Pronger is hit by Nikolai Zherdev and loses puck.
11:23 of 2nd period - Dean Mcammond is hit by Dan Cleary and loses puck.
12:20 of 2nd period - Shot by Daniel Sedin.
12:20 of 2nd period - Shot Misses the Net.
12:24 of 2nd period - Shot by Mike Fisher.
12:24 of 2nd period - Stopped by Ray Emery without a rebound.
12:25 of 2nd period - Manny Malhotra wins face-off versus Joe Pavelski in Rangers zone.
12:54 of 2nd period - Francois Beauchemin is hit by Joe Pavelski and loses puck.
13:23 of 2nd period - Shot by Paul Stastny.
13:23 of 2nd period - Stopped by Ray Emery with a rebound.
13:32 of 2nd period - Shot by Andrew Brunette.
13:32 of 2nd period - Shot Misses the Net.
13:34 of 2nd period - Shot by Francois Beauchemin.
13:34 of 2nd period - Stopped by Ray Emery with a rebound.
13:38 of 2nd period - Shot by Mike Sillinger.
13:38 of 2nd period - Stopped by Ray Emery with a rebound.
13:40 of 2nd period - Shot by Andrew Brunette.
13:40 of 2nd period - Shot Blocked by Darius Kasparaitis.
13:51 of 2nd period - Icing by Darius Kasparaitis.
13:52 of 2nd period - Henrik Sedin wins face-off versus Sergei Samsonov in Rangers zone.
13:58 of 2nd period - Shot by Henrik Sedin.
13:58 of 2nd period - Shot Blocked by Jay Mckee.
14:04 of 2nd period - Shot by Mike Fisher.
14:04 of 2nd period - Stopped by Ray Emery without a rebound.
14:05 of 2nd period - Nikolai Zherdev wins face-off versus Henrik Sedin in Rangers zone.
14:05 of 2nd period - Nikolai Zherdev is hit by Mike Fisher.
14:14 of 2nd period - Minor Penalty to Mike Fisher for Holding Stick.
14:15 of 2nd period - Manny Malhotra wins face-off versus Joe Pavelski in neutral zone.
14:34 of 2nd period - Shot by Mattias Ohlund.
14:34 of 2nd period - Shot Misses the Net.
14:36 of 2nd period - Shot by Joe Pavelski.
14:36 of 2nd period - Goal by Joe Pavelski - Rangers : 1 - Ducks : 0.
14:37 of 2nd period - Henrik Sedin wins face-off versus Kyle Wellwood in neutral zone.
14:46 of 2nd period - Shot by Henrik Sedin.
14:46 of 2nd period - Stopped by Ray Emery without a rebound.
14:47 of 2nd period - Manny Malhotra wins face-off versus Jeff Halpern in Rangers zone.
14:56 of 2nd period - Shot by Mattias Ohlund.
14:56 of 2nd period - Stopped by Ilya Bryzgalov with a rebound.
15:00 of 2nd period - Shot by Lee Stempniak.
15:00 of 2nd period - Shot Blocked by Chris Pronger.
15:02 of 2nd period - Shot by Jeff Halpern.
15:02 of 2nd period - Stopped by Ilya Bryzgalov without a rebound.
15:03 of 2nd period - Joe Pavelski wins face-off versus Henrik Sedin in Ducks zone.
15:21 of 2nd period - Shot by Joe Pavelski.
15:21 of 2nd period - Stopped by Ilya Bryzgalov without a rebound.
15:22 of 2nd period - Nikolai Zherdev wins face-off versus Manny Malhotra in Ducks zone.
15:23 of 2nd period - Shot by Jan Bulis.
15:23 of 2nd period - Shot Misses the Net.
15:29 of 2nd period - Shot by Mattias Ohlund.
15:29 of 2nd period - Shot Blocked by Hal Gill.
15:31 of 2nd period - Shot by Darius Kasparaitis.
15:31 of 2nd period - Stopped by Ilya Bryzgalov without a rebound.
15:32 of 2nd period - Paul Stastny wins face-off versus Nikolai Zherdev in Ducks zone.
15:51 of 2nd period - Shot by Paul Stastny.
15:51 of 2nd period - Stopped by Ray Emery without a rebound.
15:52 of 2nd period - Manny Malhotra wins face-off versus Sergei Samsonov in Rangers zone.
15:52 of 2nd period - Francois Beauchemin is hit by Brett Lebda and loses puck.
15:59 of 2nd period - Shot by Dean Mcammond.
15:59 of 2nd period - Shot Misses the Net.
16:29 of 2nd period - Icing by Chris Pronger.
16:30 of 2nd period - Manny Malhotra wins face-off versus Nikolai Zherdev in Ducks zone.
17:11 of 2nd period - Shot by Daniel Sedin.
17:11 of 2nd period - Stopped by Ray Emery without a rebound.
17:12 of 2nd period - Andrew Brunette wins face-off versus Sergei Samsonov in Rangers zone.
17:12 of 2nd period - Andrew Brunette is hit by Brett Lebda.
17:25 of 2nd period - Paul Stastny is hit by Brett Lebda and loses puck.
17:59 of 2nd period - Icing by Brad Stuart.
18:00 of 2nd period - Henrik Sedin wins face-off versus Nikolai Zherdev in Rangers zone.
18:09 of 2nd period - Shot by Mike Fisher.
18:09 of 2nd period - Stopped by Ray Emery without a rebound.
18:10 of 2nd period - Manny Malhotra wins face-off versus Jeff Halpern in Rangers zone.
18:25 of 2nd period - Shot by Sergei Samsonov.
18:25 of 2nd period - Stopped by Ilya Bryzgalov without a rebound.
18:26 of 2nd period - Henrik Sedin wins face-off versus Joe Pavelski in Ducks zone.
18:50 of 2nd period - Shot by Daniel Sedin.
18:50 of 2nd period - Stopped by Ray Emery with a rebound.
18:52 of 2nd period - Shot by Henrik Sedin.
18:52 of 2nd period - Deflect By Daniel Sedin.
18:52 of 2nd period - Shot Blocked by Jay Mckee.
18:54 of 2nd period - Shot by Daniel Sedin.
18:54 of 2nd period - Stopped by Ray Emery without a rebound.
18:55 of 2nd period - Manny Malhotra wins face-off versus Nikolai Zherdev in Rangers zone.
18:59 of 2nd period - Icing by Darius Kasparaitis.
19:00 of 2nd period - Nikolai Zherdev wins face-off versus Manny Malhotra in Rangers zone.
19:23 of 2nd period - Lee Stempniak is hit by Hal Gill and loses puck.
19:26 of 2nd period - Shot by Lee Stempniak.
19:26 of 2nd period - Deflect By Nikolai Zherdev.
19:26 of 2nd period - Goal by Nikolai Zherdev - Rangers : 2 - Ducks : 0.
19:27 of 2nd period - Henrik Sedin wins face-off versus Joe Pavelski in neutral zone.

Period #3

0:01 of 3rd period - Paul Stastny wins face-off versus Joe Pavelski in neutral zone.
0:08 of 3rd period - Frederick Meyer Iv is hit by Andrew Brunette and loses puck.
0:59 of 3rd period - Minor Penalty to Frederick Meyer Iv for Roughing.
1:00 of 3rd period - Jeff Halpern wins face-off versus Henrik Sedin in Rangers zone.
1:33 of 3rd period - Shot by Daniel Sedin.
1:33 of 3rd period - Shot Misses the Net.
1:35 of 3rd period - Shot by Mike Fisher.
1:35 of 3rd period - Shot Misses the Net.
1:39 of 3rd period - Shot by Mike Fisher.
1:39 of 3rd period - Shot Misses the Net.
1:41 of 3rd period - Shot by Henrik Sedin.
1:41 of 3rd period - Stopped by Ray Emery without a rebound.
1:42 of 3rd period - Paul Stastny wins face-off versus Joe Pavelski in Rangers zone.
1:53 of 3rd period - Shot by Andrew Brunette.
1:53 of 3rd period - Shot Blocked by Brett Lebda.
1:55 of 3rd period - Shot by Paul Stastny.
1:55 of 3rd period - Stopped by Ray Emery without a rebound.
1:56 of 3rd period - Jeff Halpern wins face-off versus Henrik Sedin in Rangers zone.
2:05 of 3rd period - Shot by Chris Pronger.
2:05 of 3rd period - Stopped by Ray Emery without a rebound.
2:06 of 3rd period - Paul Stastny wins face-off versus Joe Pavelski in Rangers zone.
2:48 of 3rd period - Icing by Andrew Brunette.
2:49 of 3rd period - Paul Stastny wins face-off versus Nikolai Zherdev in Ducks zone.
3:10 of 3rd period - Shot by Daniel Sedin.
3:10 of 3rd period - Deflect By Mike Fisher.
3:10 of 3rd period - Shot Misses the Net.
3:17 of 3rd period - Brad Richards is hit by Marek Malik and loses puck.
3:45 of 3rd period - Minor Penalty to Ben Guite for Interference.
3:46 of 3rd period - Manny Malhotra wins face-off versus Jeff Halpern in neutral zone.
3:49 of 3rd period - Jay Mckee is hit by Manny Malhotra and loses puck.
4:17 of 3rd period - Icing by Jeff Halpern.
4:18 of 3rd period - Jeff Halpern wins face-off versus Richard Park in Rangers zone.
6:38 of 3rd period - Brad Richards is hit by Bryan Allen and loses puck.
7:09 of 3rd period - Joe Pavelski is hit by Henrik Sedin and loses puck.
7:19 of 3rd period - Mattias Ohlund is hit by Bryan Allen and loses puck.
7:25 of 3rd period - Joe Pavelski is hit by Bryan Allen and loses puck.
8:34 of 3rd period - Icing by Marek Malik.
8:35 of 3rd period - Todd Marchant wins face-off versus Jeff Halpern in Ducks zone.
8:46 of 3rd period - Shot by Richard Park.
8:46 of 3rd period - Deflect By Mike Fisher.
8:46 of 3rd period - Shot Misses the Net.
8:50 of 3rd period - Shot by Richard Park.
8:50 of 3rd period - Goal by Richard Park - Rangers : 2 - Ducks : 1.
8:51 of 3rd period - Nikolai Zherdev wins face-off versus Manny Malhotra in neutral zone.
9:08 of 3rd period - Shot by Brad Richards.
9:08 of 3rd period - Shot Misses the Net.
9:33 of 3rd period - Minor Penalty to Hal Gill for Tripping.
9:34 of 3rd period - Dean Mcammond wins face-off versus Jeff Halpern in Ducks zone.
10:48 of 3rd period - Icing by Tyler Arnason.
10:49 of 3rd period - Sergei Samsonov wins face-off versus Todd Marchant in Rangers zone.
11:24 of 3rd period - Shot by Brad Richards.
11:24 of 3rd period - Stopped by Ilya Bryzgalov without a rebound.
11:25 of 3rd period - Joe Pavelski wins face-off versus Manny Malhotra in Ducks zone.
11:28 of 3rd period - Shot by Brad Richards.
11:28 of 3rd period - Shot Misses the Net.
11:32 of 3rd period - Shot by Joe Pavelski.
11:32 of 3rd period - Shot Misses the Net.
11:44 of 3rd period - Nikolai Zherdev is hit by Manny Malhotra and loses puck.
13:56 of 3rd period - Shot by Nikolai Zherdev.
13:56 of 3rd period - Shot Misses the Net.
13:58 of 3rd period - Shot by Jeff Halpern.
13:58 of 3rd period - Shot Misses the Net.
13:59 of 3rd period - Minor Penalty to Francois Beauchemin for Goalie Interference.
14:00 of 3rd period - Jeff Halpern wins face-off versus Todd Marchant in Ducks zone.
14:03 of 3rd period - Shot by Brad Richards.
14:03 of 3rd period - Stopped by Ilya Bryzgalov with a rebound.
14:10 of 3rd period - Shot by Jay Mckee.
14:10 of 3rd period - Stopped by Ilya Bryzgalov with a rebound.
14:14 of 3rd period - Shot by Jeff Halpern.
14:14 of 3rd period - Shot Blocked by Bryan Allen.
14:16 of 3rd period - Shot by Brad Richards.
14:16 of 3rd period - Stopped by Ilya Bryzgalov without a rebound.
14:17 of 3rd period - Manny Malhotra wins face-off versus Jeff Halpern in Ducks zone.
14:53 of 3rd period - Icing by Jeff Halpern.
14:54 of 3rd period - Jeff Halpern wins face-off versus Todd Marchant in Rangers zone.
15:13 of 3rd period - Chris Pronger is hit by Sergei Samsonov and loses puck.
15:50 of 3rd period - Shot by Jan Bulis.
15:50 of 3rd period - Shot Hit the Post.
16:28 of 3rd period - Shot by Mike Fisher.
16:28 of 3rd period - Stopped by Ray Emery without a rebound.
16:29 of 3rd period - Paul Stastny wins face-off versus Joe Pavelski in Rangers zone.
16:55 of 3rd period - Icing by Joe Pavelski.
16:56 of 3rd period - Manny Malhotra wins face-off versus Joe Pavelski in Rangers zone.
16:59 of 3rd period - Shot by Manny Malhotra.
16:59 of 3rd period - Deflect By Dean Mcammond.
16:59 of 3rd period - Goal by Dean Mcammond - Rangers : 2 - Ducks : 2.
17:00 of 3rd period - Rob Niedermayer wins face-off versus Nikolai Zherdev in neutral zone.
17:00 of 3rd period - Richard Park is hit by Nikolai Zherdev and loses puck.
17:11 of 3rd period - Jan Bulis is hit by Todd Marchant and loses puck.
17:20 of 3rd period - Shot by Richard Park.
17:20 of 3rd period - Stopped by Ray Emery without a rebound.
17:21 of 3rd period - Manny Malhotra wins face-off versus Joe Pavelski in Rangers zone.
17:42 of 3rd period - Shot by Paul Stastny.
17:42 of 3rd period - Stopped by Ray Emery without a rebound.
17:43 of 3rd period - Henrik Sedin wins face-off versus Nikolai Zherdev in Rangers zone.
18:21 of 3rd period - Icing by Mike Fisher.
18:22 of 3rd period - Henrik Sedin wins face-off versus Joe Pavelski in Ducks zone.
18:24 of 3rd period - Icing by Mike Fisher.
18:25 of 3rd period - Mike Fisher wins face-off versus Joe Pavelski in Ducks zone.
18:25 of 3rd period - Mike Fisher is hit by Joe Pavelski.
18:35 of 3rd period - Shot by Kyle Wellwood.
18:35 of 3rd period - Goal by Kyle Wellwood - Rangers : 3 - Ducks : 2.
18:36 of 3rd period - Joe Pavelski wins face-off versus Manny Malhotra in neutral zone.
18:52 of 3rd period - Off-side.
18:53 of 3rd period - Nikolai Zherdev wins face-off versus Paul Stastny in neutral zone.
18:58 of 3rd period - Shot by Lee Stempniak.
18:58 of 3rd period - Deflect By Nikolai Zherdev.
18:58 of 3rd period - Shot Misses the Net.
19:15 of 3rd period - Minor Penalty to Hal Gill for Tripping.
19:16 of 3rd period - Jeff Halpern wins face-off versus Manny Malhotra in Ducks zone.
19:17 of 3rd period - Shot by Joe Pavelski.
19:17 of 3rd period - Shot Misses the Net.
19:19 of 3rd period - Shot by Jay Mckee.
19:19 of 3rd period - Shot Misses the Net.
19:23 of 3rd period - Shot by Kyle Wellwood.
19:23 of 3rd period - Shot Misses the Net.
19:25 of 3rd period - Shot by Kyle Wellwood.
19:25 of 3rd period - Stopped by Ilya Bryzgalov without a rebound.
19:26 of 3rd period - Manny Malhotra wins face-off versus Jeff Halpern in Ducks zone.


Output by the SimonT Hockey Simulator (STHS) for Stephane Roy -- Original Page W3C XHTML 1.0 Valid